Map: Royal Blood LE

Players

deankane

  • Race: Zerg Zerg
  • Spawn Location: 7:00

DirtyJorge - Winner!

  • Race: Terran Terran
  • League: Silver
  • Spawn Location: 1:00

VOD

Have the link to the VOD?

Description

Time

  • Played on: July 26, 2023, 12:09 p.m.
  • Length: 19:07
Show
View Real Time Build Order
Export as new Build Order

deankane Zerg 

Build Orders: Hatch First 

Get SALT Encoding   

  12  0:01  Drone  
  13  0:13  Overlord  
  13  0:21  Drone  
  14  0:33  Drone  
  16  0:42  Drone  
  16  0:52  Hatchery  
  16  0:56  Drone  
  16  1:01  Drone x2  
  18  1:24  Drone  
  18  1:25  Spawning Pool  
  18  1:27  Overlord  
  18  1:32  Extractor  
  18  1:33  Drone  
  18  1:53  Drone x2  
  20  1:55  Extractor  
  19  2:05  Drone  
  20  2:09  Drone  
  21  2:21  Drone  
  22  2:25  Zergling x2  
  23  2:32  Drone x2  
  25  2:38  Queen  
  25  2:42  Queen  
  29  2:46  Drone  
  29  2:47  Drone  
  29  2:48  Drone  
  29  2:49  Drone  
  33  2:52  Metabolic Boost  
  33  2:59  Extractor, Drone  
  33  3:02  Overlord  
  33  3:08  Drone  
  34  3:13  Zergling x2  
  34  3:18  Zergling x2  
  36  3:21  Lair  
  36  3:33  Drone x2  
  38  3:39  Zergling x4  
  40  3:51  Roach Warren  
  39  3:56  Zergling x2  
  39  3:57  Zergling x2  
  39  3:59  Drone x2  
  43  4:04  Extractor  
  43  4:05  Drone  
  43  4:06  Drone  
  44  4:22  Hydralisk Den  
  44  4:23  Drone  
  44  4:25  Overlord x3  
  44  4:37  Spore Crawler  
  43  4:44  Spore Crawler  
  42  4:49  Roach  
  42  4:50  Roach x3  
  50  4:55  Hydralisk  
  53  5:00  Drone x4  
  53  5:06  Grooved Spines  
  56  5:13  Evolution Chamber  
  55  5:15  Overseer  
  55  5:25  Drone  
  55  5:26  Drone x2  
  58  5:28  Hydralisk x2  
  62  5:46  Pneumatized Carapace  
  62  5:47  Hydralisk x3  
  66  6:00  Hydralisk x2  
  68  6:10  Overlord  
  68  6:21  Queen  
  68  6:22  Hatchery  
  62  6:36  Roach x4  
  62  6:37  Roach  
  60  6:55  Roach x3  
  60  6:57  Roach x2, Queen  
  60  7:00  Hydralisk  
  74  7:07  Hydralisk  
  76  7:11  Overlord  
  76  7:25  Infestation Pit  
  75  7:32  Drone x2  
  75  7:35  Drone  
  78  7:42  Drone  
  79  7:47  Zerg Melee Weapons Level 1  
  79  7:59  Drone x2  
  81  8:11  Hydralisk x4  
  89  8:19  Hatchery  
  88  8:21  Drone x2  
  90  8:33  Spore Crawler  
  89  8:37  Spore Crawler  
  89  8:38  Drone x2  
  89  8:41  Overlord x3  
  90  8:57  Hive  
  90  9:02  Roach x2  
  94  9:03  Roach  
  94  9:07  Overseer  
  96  9:14  Drone x3  
  99  9:24  Extractor  
  99  9:25  Queen  
  100  9:31  Extractor  
  100  9:37  Roach  
  100  9:38  Roach x4  
  109  9:40  Drone  
  109  9:42  Drone  
  111  9:49  Drone  
  112  10:15  Hatchery, Overseer  
  112  10:17  Drone x2  
  112  10:18  Drone  
  114  10:23  Hydralisk x3  
  120  10:33  Ultralisk Cavern  
  119  10:36  Spore Crawler  
  118  10:45  Spore Crawler x2, Drone x2  
  118  10:54  Extractor  
  117  11:00  Spire  
  117  11:02  Muscular Augments  
  117  11:03  Glial Reconstitution  
  116  11:04  Adrenal Glands  
  116  11:05  Zerg Melee Weapons Level 2  
  116  11:12  Drone x4  
  116  11:14  Overlord x2  
  116  11:15  Overlord  
  120  11:27  Drone x3  
  120  11:31  Overlord x2  
  120  11:32  Overlord  
  123  11:38  Drone x2  
  105  12:05  Roach x6  
  105  12:06  Roach x4  
  103  12:19  Hydralisk x5  
  103  12:20  Hydralisk x2  
  97  12:46  Drone x2  
  99  12:51  Hydralisk x3  
  99  12:52  Hydralisk x4  
  99  12:55  Drone  
  114  13:08  Hatchery  
  114  13:10  Queen  
  115  13:13  Queen  
  117  13:27  Ultralisk x2  
  117  13:32  Drone x3  
  132  13:39  Drone x3  
  135  13:47  Extractor  
  134  14:04  Ultralisk x2  
  134  14:08  Anabolic Synthesis  
  146  14:20  Drone x4  
  146  14:21  Drone  
  151  14:36  Neural Parasite, Zerg Missile Weapons Level 1  
  151  14:42  Roach  
  151  14:43  Roach  
  155  14:46  Drone  
  155  14:49  Overlord x2  
  155  14:50  Chitinous Plating  
  156  15:06  Greater Spire  
  156  15:12  Corruptor x4  
  156  15:13  Corruptor x3  
  170  15:22  Drone x2  
  172  15:37  Overlord x3  
  172  15:55  Ultralisk x2  
  172  15:56  Ultralisk  
  190  15:57  Hydralisk x4  
  155  16:11  Hydralisk x2  
  155  16:12  Hydralisk x7  
  155  16:13  Hydralisk x3  
  150  16:21  Hydralisk x3  
  134  16:35  Hydralisk  
  134  16:36  Hydralisk x3  
  134  16:43  Roach x2  
  134  16:44  Roach  
  134  16:45  Roach  
  132  16:56  Mutalisk  
  132  16:57  Mutalisk  
  132  16:58  Mutalisk x2  
  139  17:05  Drone x3  
  124  17:24  Hydralisk x3  
  124  17:27  Zergling x12  
  102  17:39  Corruptor x2  
  98  17:44  Drone x2  
  98  17:45  Drone  
  98  17:49  Hydralisk  
  98  17:50  Hydralisk  
  76  18:14  Hydralisk x5  
  76  18:15  Hydralisk x2  
  58  18:44  Hatchery  
  32  19:02  Hatchery  
Show
View Real Time Build Order
Export as new Build Order

DirtyJorge Terran - Winner!

Build Orders: Liberator Opening 

Get SALT Encoding   

  12  0:18  Supply Depot  
  12  0:19  SCV  
  13  0:30  Engineering Bay  
  13  0:32  Refinery  
  13  0:49  Barracks  
  13  0:53  SCV  
  14  1:05  SCV  
  15  1:19  Missile Turret  
  15  1:21  SCV  
  16  1:36  Supply Depot  
  16  1:37  Marine  
  17  1:51  Factory  
  17  1:55  Marine  
  18  2:03  Orbital Command  
  18  2:18  Missile Turret  
  18  2:23  Marine  
  19  2:31  SCV  
  20  2:39  Starport  
  20  2:43  SCV  
  21  2:49  Marine  
  21  2:50  Refinery  
  22  2:55  SCV  
  23  3:02  Widow Mine  
  25  3:14  SCV  
  26  3:22  Liberator  
  26  3:26  SCV  
  30  3:49  Supply Depot  
  30  3:50  Hi-Sec Auto Tracking  
  30  3:55  Marine  
  31  4:04  SCV, Widow Mine  
  31  4:09  Starport Tech Lab  
  34  4:11  Supply Depot  
  34  4:24  Marine  
  34  4:25  Widow Mine  
  34  4:31  Liberator  
  40  4:42  Marine  
  40  4:44  SCV  
  42  4:47  Widow Mine  
  42  4:51  Missile Turret  
  44  5:08  Widow Mine  
  44  5:11  Command Center  
  44  5:14  Marine  
  50  5:25  Viking  
  49  5:30  SCV  
  50  5:42  SCV  
  51  5:55  Viking  
  47  6:13  SCV  
  47  6:17  Factory Tech Lab  
  48  6:19  Neosteel Armor  
  48  6:25  Viking, SCV  
  49  6:33  Marine  
  49  6:37  Siege Tank  
  47  6:51  Marine  
  47  6:56  Planetary Fortress  
  47  7:08  Viking  
  49  7:09  Marine  
  49  7:10  Widow Mine  
  52  7:16  Starport  
  52  7:17  Command Center  
  52  7:23  Missile Turret  
  52  7:26  Marine  
  53  7:31  Widow Mine  
  55  7:39  Viking  
  57  7:44  Marine  
  57  7:45  SCV  
  59  7:52  Refinery  
  59  7:53  Widow Mine  
  59  7:54  SCV  
  59  7:57  Starport Tech Lab  
  59  7:58  SCV  
  63  8:10  SCV  
  63  8:12  Fusion Core  
  64  8:14  Widow Mine  
  66  8:22  SCV  
  66  8:23  Bunker  
  72  8:27  Viking  
  67  8:31  Viking  
  71  8:35  Widow Mine  
  71  8:37  SCV  
  74  8:45  Refinery  
  74  8:50  SCV  
  75  9:00  Widow Mine  
  75  9:02  SCV, Planetary Fortress  
  78  9:07  Missile Turret  
  78  9:22  Widow Mine  
  80  9:26  SCV  
  81  9:32  SCV  
  82  9:38  SCV  
  82  9:39  Supply Depot  
  82  9:40  Battlecruiser  
  82  9:45  SCV  
  90  9:46  SCV  
  90  9:51  SCV  
  92  9:57  SCV  
  93  10:01  SCV  
  93  10:02  Supply Depot  
  94  10:10  Battlecruiser  
  94  10:13  SCV  
  101  10:18  Starport  
  101  10:24  Armory  
  101  10:25  Supply Depot, SCV  
  101  10:26  Refinery  
  102  10:37  SCV  
  102  10:38  Widow Mine  
  102  10:39  Bunker  
  105  10:45  SCV  
  105  10:49  SCV  
  107  10:53  Refinery  
  107  10:54  SCV  
  108  10:57  Starport Tech Lab, SCV  
  108  10:59  Widow Mine, Battlecruiser  
  117  11:09  Supply Depot  
  117  11:17  Bunker  
  117  11:28  Supply Depot  
  117  11:30  Widow Mine, Battlecruiser  
  125  11:43  Terran Vehicle And Ship Armor Level 1  
  125  11:47  Armory  
  125  11:50  SCV x3  
  120  12:02  SCV  
  113  12:11  Battlecruiser  
  113  12:31  Bunker  
  113  12:36  Terran Ship Weapons Level 1  
  113  12:51  Battlecruiser  
  119  13:05  Widow Mine, Bunker  
  121  13:16  Battlecruiser  
  121  13:17  Battlecruiser  
  133  13:34  Supply Depot  
  133  13:38  Terran Vehicle And Ship Armor Level 2  
  133  13:54  Supply Depot  
  133  13:56  SCV, Widow Mine  
  133  13:57  Supply Depot  
  136  14:06  Battlecruiser  
  136  14:08  SCV  
  143  14:17  Supply Depot, Widow Mine  
  143  14:20  SCV, Battlecruiser  
  143  14:21  Battlecruiser  
  158  14:36  Command Center  
  158  14:39  Widow Mine, Terran Ship Weapons Level 2  
  158  14:40  Missile Turret  
  160  14:56  Marine  
  161  15:13  Marine  
  162  15:17  Command Center  
  162  15:18  Battlecruiser  
  168  15:24  Battlecruiser  
  174  15:31  Marine  
  175  15:44  Refinery  
  175  15:47  Refinery  
  175  15:49  Marine  
  168  16:07  Marine  
  148  17:03  Battlecruiser x3  
  166  17:11  Planetary Fortress  
Tags
 
Add a new tag
Caveats
  • Supply blocks, unpowered buildings, or Contaminate may cause inaccurate times.
  • Supply counts are checked every 10 seconds.